 Dungeon Crawl Stone Soup version 0.22-a0-157-g169b76a (webtiles) character file.

568 Azzok the Fighter (level 7, -6/51 HPs)
             Began as a Gargoyle Fighter on Feb 8, 2018.
             Splashed by a jelly's acid (8 damage)
             ... on level 5 of the Dungeon.
             The game lasted 00:05:09 (2981 turns).

Azzok the Fighter (Gargoyle Fighter)                Turns: 2981, Time: 00:05:10

Health: -6/51      AC:  1    Str: 21    XL:     7   Next: 33%
Magic:  7/7        EV:  7    Int:  9    God:
Gold:   124        SH:  0    Dex:  9    Spells: 6/6 levels left

rFire    . . .     SeeInvis .   a - +0 long sword
rCold    . . .     Gourm    .   (no shield)
rNeg     + . .     Faith    .   e - +0 chain mail
rPois    ∞         Spirit   .   (no helmet)
rElec    +         Reflect  .   (no cloak)
rCorr    .         Harm     .   (no gloves)
MR       .....                  (no boots)
Stlth    ..........             (no amulet)
HPRegen  0.17/turn              (no ring)
MPRegen  0.10/turn              (no ring)

@: corroded
A: negative energy resistance 1, electricity resistance, unbreathing,
petrification resistance, rot immunity, AC +4
a: no special abilities


You were on level 5 of the Dungeon.
You were very hungry.

You visited 1 branch of the dungeon, and saw 5 of its levels.

You collected 124 gold pieces.

Inventory:

Hand Weapons
 a - a +0 long sword (weapon)
Missiles
 n - 15 arrows
Armour
 c - a +0 shield
 e - a +0 chain mail (worn)
Jewellery
 p - an uncursed ring of protection from cold {unknown}
Scrolls
 b - a scroll of summoning {unknown}
 g - 5 scrolls of enchant weapon {unknown}
 i - 3 scrolls of identify {unknown}
 l - 3 scrolls of remove curse {unknown}
 m - 3 scrolls of teleportation {unknown}
Potions
 d - a potion of might
 h - 2 potions of heal wounds {unknown}
 j - a potion of haste
 k - 3 potions of curing {unknown}
 o - a potion of cancellation {unknown}
Comestibles
 f - 2 rations


   Skills:
 + Level 9.0 Fighting
 - Level 1.7 Long Blades
 - Level 3.2 Armour
 - Level 3.2 Shields


You had 6 spell levels left.
You didn't know any spells.

Dungeon Overview and Level Annotations

Branches:
Dungeon (6/15)
 Temple: D:4-7

Altars:
Sif Muna
Wu Jian


Innate Abilities, Weirdness & Mutations

You are resistant to torment.
Your stone body is resilient. (AC +4)
You are immune to poison.
You resist negative energy. (rN+)
You are resistant to electric shocks. (rElec)
You can survive without breathing.
You are immune to petrification.
You are immune to rotting.


Message History

You hit the jelly but do no damage.
Your hands burn!
The jelly is moderately wounded.
The jelly hits you.
You are splashed with acid!
The acid burns!
* * * LOW HITPOINT WARNING * * *
The jelly barely misses you.
You hit the jelly but do no damage.
Your hands burn!
* * * LOW HITPOINT WARNING * * *
The jelly is moderately wounded.
The jelly barely misses you.
You hit the jelly.
Your hands burn!
* * * LOW HITPOINT WARNING * * *
The jelly is heavily wounded.
The jelly hits you but does no damage.
You hit the jelly.
Your hands burn!
* * * LOW HITPOINT WARNING * * *
The jelly is heavily wounded.
The jelly hits you but does no damage. The jelly hits you.
* * * LOW HITPOINT WARNING * * *
The acid corrodes you!
You are splashed with acid!
The acid burns!
You die...

▒······▒▒···········[▒
▒······▒▒············▒
▒▒····(·▒▒············▒
········'>····▒▒'▒▒▒▒▒▒
········▒·▒▒▒·▒▒·▒ ▒▒······▒·▒
▒·▒▒·▒ ▒········▒
▒·▒▒·▒▒▒▒▒▒▒▒▒▒▒▒▒▒ ▒▒▒▒·····▒
▒··▒··············▒
▒▒▒▒▒▒·····▒▒▒▒@▒▒▒▒▒▒▒▒▒▒▒▒▒▒·▒
··············J·····▒ ▒·▒
▒▒▒▒▒▒·▒▒·▒▒▒▒·▒▒▒·▒·▒ ▒·▒
▒·▒▒·▒ ▒·▒···▒·▒ ▒·▒ ▒··▒·▒
▒·▒·▒···· ▒·▒ ▒▒·▒·▒ ▒·▒·▒·▒·▒
▒·▒ ▒·▒·▒ ▒·▒·▒·▒·▒ ▒·▒ ▒···▒
▒[▒·▒·▒·▒ ▒·▒ ▒▒)·▒ ▒·▒·▒·▒ ▒·▒


You could see a jelly.

Vanquished Creatures
  2 phantoms (D:6)
  2 bullfrogs (D:6)
  2 hounds (D:5)
  Terence (D:2)
  Natasha (thrice) (D:2)
  A killer bee zombie (D:5)
  3 adders
  An ooze (D:2)
  An adder zombie (D:6)
  An adder skeleton (D:5)
  2 worms (D:2)
  2 dart slugs
  3 leopard geckos (D:1)
  5 bats
  3 giant cockroaches
  6 goblins
  7 hobgoblins
  A quokka (D:2)
  A ball python (D:2)
  A frilled lizard (D:2)
  7 kobolds
  5 rats
60 creatures vanquished.

Notes
Turn   | Place    | Note
-------+----------+-------------------------------------------
     0 | D:1      | Azzok the Gargoyle Fighter began the quest for the Orb.
     0 | D:1      | Reached XP level 1. HP: 14/14 MP: 1/1
   115 | D:1      | Reached XP level 2. HP: 19/20 MP: 2/2
   145 | D:1      | Reached skill level 4 in Fighting
   465 | D:1      | Reached XP level 3. HP: 22/24 MP: 3/3
  1408 | D:2      | Noticed Terence
  1418 | D:2      | Killed Terence
  1418 | D:2      | Reached skill level 5 in Fighting
  1418 | D:2      | Reached XP level 4. HP: 27/31 MP: 4/4
  1505 | D:2      | Found an ornate altar of the Wu Jian Council.
  1529 | D:2      | Noticed Natasha
  1542 | D:2      | Killed Natasha
  1546 | D:2      | Reached skill level 6 in Fighting
  1755 | D:2      | Noticed Natasha
  1764 | D:2      | Killed Natasha
  1764 | D:2      | Reached XP level 5. HP: 27/36 MP: 5/5
  1976 | D:2      | Found a deep blue altar of Sif Muna.
  2001 | D:2      | Noticed Natasha
  2013 | D:2      | Killed Natasha
  2154 | D:3      | You fall through a shaft for 3 floors!
  2202 | D:6      | Noticed a phantom
  2220 | D:6      | Killed a phantom
  2220 | D:6      | Reached skill level 7 in Fighting
  2220 | D:6      | Reached XP level 6. HP: 29/44 MP: 6/6
  2519 | D:6      | Noticed a phantom
  2545 | D:6      | Killed a phantom
  2545 | D:6      | Reached skill level 8 in Fighting
  2627 | D:6      | Reached XP level 7. HP: 42/50 MP: 7/7
  2630 | D:5      | Entered Level 5 of the Dungeon
  2856 | D:5      | Reached skill level 9 in Fighting
  2981 | D:5      | HP: 2/51 [jelly (2)]
  2981 | D:5      | Splashed by a jelly's acid

Vault maps used:
D:1:      denvon_arrival_planthouse
D:2:      nicolae_overflow_crystal_walls, lemuel_round_altar, uniq_terence,
          uniq_natasha
D:5:      first_ration
D:6:      lemuel_round_altar, lemuel_doored_altar, minmay_lizard_king

Skill      XL: |  1  2  3  4  5  6  7 |
---------------+----------------------+-----
Fighting       | 4 5 6 7 8 9 |  9.0
Long Blades    | |  1.7
Armour         | |  3.2
Shields        | |  3.2

Action                   |  1- 3 |  4- 6 |  7- 9 || total
-------------------------+-------+-------+-------++-------
Melee: Long sword        |    99 |   135 |    66 ||   300
  Eat: Chunk             |     2 |     3 |     1 ||     6
Armor: Chain mail        |    78 |   139 |    85 ||   302
       Scale mail        |     1 |       |       ||     1
Dodge: Dodged            |    50 |    70 |    50 ||   170
       Rpst.: Long sword |    16 |    22 |    18 ||    56

Table legend:
 A = Spawn XP
 B = Non-spawn XP
 C = Spawn XP percentage of total XP
 D = Spawn monster count
 E = Non-spawn monster count
 F = Spawn count percentage of total count
 G = Total turns spent on level
                    A         B        C        D         E        F      G
               +---------+---------+-------+---------+---------+-------+---------
         Total |       0 |     812 |   0.0 |       0 |      60 |   0.0 |  2981
               +---------+---------+-------+---------+---------+-------+---------
           D:1 |       0 |      39 |   0.0 |       0 |      21 |   0.0 |  1030
           D:2 |       0 |     205 |   0.0 |       0 |      27 |   0.0 |  1116
           D:5 |       0 |     130 |   0.0 |       0 |       6 |   0.0 |   351
           D:6 |       0 |     438 |   0.0 |       0 |       6 |   0.0 |   476
               +---------+---------+-------+---------+---------+-------+---------
